 Dungeon Crawl Stone Soup version 0.24-a0-584-g9d6b971ae4 (webtiles) character file.

Game seed: 17779655200823299848, levelgen mode: deterministic

4686 Mithandil the Schismatic (level 10, -1/74 HPs)
             Began as a Demonspawn Abyssal Knight on Sept 4, 2019.
             Was an Elder of Lugonu.
             Slain by an orc warrior
             ... wielding a +0 glaive
              (2 damage)
             ... on level 7 of the Dungeon.
             The game lasted 00:49:27 (6174 turns).

Mithandil the Schismatic (DsAK)                     Turns: 6174, Time: 00:49:28

Health: -1/74      AC: 30    Str: 23 (25) XL:     10   Next: 21%
Magic:  0/14       EV: 13    Int: 13      God:    Lugonu [****..]
Gold:   418        SH:  0    Dex: 15 (16) Spells: 9/9 levels left

rFire    + . .     SeeInvis .   a - +1 falchion (protect)
rCold    . . .     Gourm    .   (no shield)
rNeg     . . .     Faith    .   E - +5 ring mail {rF+}
rPois    +         Spirit   +   (helmet restricted)
rElec    .         Reflect  .   B - +5 cloak "Cuefosen" {-Tele +Fly rCorr Dex+4}
rCorr    +         Harm     .   (no gloves)
MR       .....     NoTele   +   e - +2 pair of boots {Fly}
Stlth    ++++......             i - amulet of rage
HPRegen  0.22/turn              q - ring of poison resistance
MPRegen  0.14/turn              g - +3 ring of strength

@: mighty, protection aura, berserk cooldown, flying, hasted and slowed
A: antennae 2, icy blue scales 2, nightstalker 2, magic shield
a: Depart the Abyss, Bend Space, Banish, Corrupt, Renounce Religion, Evoke
Berserk Rage, Stop Flying


You were on level 7 of the Dungeon.
You worshipped Lugonu.
Lugonu was greatly pleased with you.
You were not hungry.

You visited 1 branch of the dungeon, and saw 8 of its levels.
You visited the Abyss 1 time.

You collected 418 gold pieces.

Inventory:

Hand Weapons
 a - a +1 falchion of protection (weapon)
 b - a +6 hunting sling of flaming
 l - a +3 whip
 n - a +4 trident
 v - a +4 spear
 w - a +2 short sword of electrocution
 x - a +0 whip of flaming
 H - a +1 falchion
 K - a +3 short sword
 L - a +0 short sword of venom
Missiles
 h - 177 stones (quivered)
 m - 69 poisoned darts
 t - 5 silver javelins
 y - 33 bolts
Armour
 e - a +2 pair of boots of flying (worn)
 B - the +5 cloak "Cuefosen" (worn) {-Tele +Fly rCorr Dex+4}
   (You found it on level 4 of the Dungeon)

   It affects your dexterity (+4).
   It lets you fly.
   It prevents most forms of teleportation.
   It provides partial protection from all sources of acid and corrosion.
 E - a +5 ring mail of fire resistance (worn)
 F - a +0 plate armour
Jewellery
 d - an uncursed ring of see invisible
 g - a +3 ring of strength (right hand)
 i - an amulet of rage (around neck)
 q - a ring of poison resistance (left hand)
Wands
 s - a wand of flame (18)
 u - a wand of polymorph (5)
 G - a wand of acid (9)
Scrolls
 j - 3 scrolls of identify
 k - 2 scrolls of amnesia
 o - 4 scrolls of teleportation
 p - a scroll of enchant armour
 D - a scroll of fog
Potions
 z - 2 potions of curing
 C - a potion of ambrosia
Comestibles
 c - 13 rations
 I - 3 chunks of flesh


   Skills:
 + Level 5.5 Fighting
 * Level 6.4 Long Blades
 * Level 5.9 Slings
 + Level 4.7 Armour
 + Level 4.3 Dodging
 + Level 4.4 Stealth
 + Level 4.2 Unarmed Combat
 + Level 6.5 Invocations


You had 9 spell levels left.
You didn't know any spells.
Your spell library was empty.

Dungeon Overview and Level Annotations

Branches:
Dungeon (8/15)             Temple (0/1) D:7
   Lair: D:8-11

Altars:
Trog
The Shining One

Shops:
D:5 =


Innate Abilities, Weirdness & Mutations

You have a pair of antennae on your head.
You are mostly covered in icy blue scales. (AC +3)
You are significantly more attuned to the shadows.
When hurt, damage is shared between your health and your magic reserves.


Message History

The orc warrior hits you with a +0 glaive!!
* * * LOW HITPOINT WARNING * * *
There is an open translucent gate, spattered with blood here.
You feel better. The adder misses you.
You riposte.
You slice the adder!!
You kill the adder!
Lugonu accepts your kill.
The orc warrior hits you with a +0 glaive!
* * * LOW HITPOINT WARNING * * *
You're still recovering from your berserk rage.
You barely miss the orc warrior. You barely miss the orc warrior.
The orc warrior hits you but does no damage.
You closely miss the orc warrior.
The orc warrior hits you with a +0 glaive.
* * * LOW HITPOINT WARNING * * *
You slash the orc warrior!
The orc warrior is moderately wounded.
Your extra speed is starting to run out.
The orc warrior hits you with a +0 glaive.
You die...

#....# #.# #..# #######. #....#
#.# ##.# #. #....####.######.#
#########' #####..............#.#
#.........
........#########..#.###.........
........#ooc....#.....)'........>
........#..###..#..##.##.........
........#.!###.o'..##..#.........
........#.).....@..###.#.........
........#..###..).## #.#.........
#######.#..###..#.# #...........
#.#.......#.#####.#####.###
#.#########.##.....# #.#
#...........##.###.## #.#
...........######.# #..# #.#
############# #.# ##.# #.#
#.......# #.# #####.#


You could see an orc warrior.

Vanquished Creatures
  A centaur warrior (D:7)
  Pikel (D:5)
  The ghost of Sassenached the Shooter, an amateur DsWn (D:4)
  Prince Ribbit (D:6)
  Eustachio (D:6)
  A steam dragon (D:7)
  Menkaure (D:7)
  Edmund (D:6)
  3 sky beasts
  4 slaves
  4 ice beasts (D:7)
  A black bear (D:7)
  2 ogres (D:7)
  3 centaurs
  A big kobold (D:7)
  2 bullfrogs (D:7)
  A howler monkey (D:7)
  3 crimson imps
  A centaur zombie (D:6)
  A quasit (D:7)
  A centaur skeleton (D:4)
  5 hounds
  An orc priest (D:3)
  A bullfrog skeleton (D:4)
  2 iguanas
  2 orc wizards
  3 worker ants
  2 worker ant zombies
  7 gnolls
  4 adders
  7 river rats (D:6)
  A shadow imp (D:5)
  2 oozes
  3 worms
  2 dart slugs
  2 leopard geckos
  19 orcs
  5 giant cockroaches
  10 goblins
  12 hobgoblins
  15 jackals
  6 kobolds
  3 quokkas
  6 bats
  5 frilled lizards
  A leopard gecko skeleton (D:7)
  22 rats
183 creatures vanquished.

Vanquished Creatures (others)
  The ghost of jjplay175 the Blocker, a novice FoFi of Okawaru (D:7)
  A hound zombie (D:4)
2 creatures vanquished.

Grand Total: 185 creatures vanquished

Notes
Turn   | Place    | Note
-------+----------+-------------------------------------------
     0 | Abyss:1  | Mithandil the Demonspawn Abyssal Knight began the quest for
                  | the Orb.
     0 | Abyss:1  | Reached XP level 1. HP: 18/18 MP: 2/2
    40 | Abyss:2  | Noticed a small abomination
    56 | Abyss:2  | Noticed a sun demon
    57 | D:1      | Escaped the Abyss
    59 | D:1      | Identified a scroll of acquirement
   210 | D:1      | Reached skill level 1 in Dodging
   214 | D:1      | Reached * piety under Lugonu
   214 | D:1      | Gained mutation: You are partially covered in icy blue
                  | scales. (AC +2) [demonic ancestry]
   214 | D:1      | Reached XP level 2. HP: 9/24 MP: 3/3
   737 | D:1      | Reached XP level 3. HP: 29/29 MP: 5/5
  1112 | D:2      | Reached ** piety under Lugonu
  1248 | D:3      | Found a bloodstained altar of Trog.
  1433 | D:2      | Reached skill level 1 in Unarmed Combat
  1434 | D:2      | Reached skill level 1 in Slings
  1434 | D:2      | Gained mutation: You have a pair of small antennae on your
                  | head. [demonic ancestry]
  1434 | D:2      | Reached XP level 4. HP: 35/35 MP: 6/6
  1448 | D:2      | Reached skill level 1 in Stealth
  1935 | D:3      | Gained mutation: When hurt, damage is shared between your
                  | health and your magic reserves. [demonic ancestry]
  1935 | D:3      | Reached XP level 5. HP: 27/41 MP: 7/7
  2300 | D:3      | Reached *** piety under Lugonu
  2457 | D:5      | Entered Level 5 of the Dungeon
  2545 | D:5      | Noticed a sky beast
  2782 | D:4      | Gained mutation: You have a pair of antennae on your head.
                  | [demonic ancestry]
  2782 | D:4      | Reached XP level 6. HP: 47/47 MP: 8/8
  3235 | D:4      | Got a bloodstained cloak
  3241 | D:4      | Identified the +5 cloak "Cuefosen" {-Tele +Fly rCorr Dex+4}
                  | (You found it on level 4 of the Dungeon)
  3384 | D:4      | Found a runed translucent gate.
  3384 | D:4      | Found a runed translucent gate.
  3385 | D:4      | Found a runed translucent gate.
  3385 | D:4      | Noticed Sassenached's ghost (amateur DsWn)
  3427 | D:4      | Killed Sassenached's ghost
  3427 | D:4      | Gained mutation: You are slightly more attuned to the
                  | shadows. [demonic ancestry]
  3427 | D:4      | Reached XP level 7. HP: 38/53 MP: 2/9
  3752 | D:5      | Noticed Pikel
  3918 | D:5      | Killed Pikel
  3918 | D:5      | Gained mutation: You are mostly covered in icy blue scales.
                  | (AC +3) [demonic ancestry]
  3918 | D:5      | Reached XP level 8. HP: 60/60 MP: 11/11
  4020 | D:5      | Found Eceudd's Jewellery Shoppe.
  4380 | D:6      | Noticed Edmund
  4395 | D:6      | Killed Edmund
  4595 | D:6      | Noticed Prince Ribbit
  4606 | D:6      | Killed Prince Ribbit
  4606 | D:6      | Reached skill level 5 in Invocations
  4800 | D:6      | Reached skill level 5 in Long Blades
  5015 | D:6      | Reached **** piety under Lugonu
  5190 | D:6      | Noticed Eustachio
  5228 | D:6      | Killed Eustachio
  5228 | D:6      | Gained mutation: You are significantly more attuned to the
                  | shadows. [demonic ancestry]
  5228 | D:6      | Reached XP level 9. HP: 64/66 MP: 10/12
  5577 | D:7      | Reached skill level 5 in Fighting
  5577 | D:7      | Reached skill level 5 in Slings
  5602 | D:7      | Found a staircase to the Ecumenical Temple.
  5812 | D:7      | Found a runed translucent gate.
  5814 | D:7      | Found a runed translucent gate.
  5816 | D:7      | Found a runed translucent gate.
  5816 | D:7      | Noticed a centaur warrior
  5817 | D:7      | Noticed jjplay175's ghost (novice FoFi)
  5879 | D:7      | Found a glowing golden altar of the Shining One.
  5925 | D:7      | Noticed Menkaure
  5927 | D:7      | Killed Menkaure
  6148 | D:7      | Killed a centaur warrior
  6148 | D:7      | Reached XP level 10. HP: 74/74 MP: 14/14
  6157 | D:7      | Banished jjplay175's ghost
  6170 | D:7      | HP: 2/74 [orc warrior/+0 glaive (12)]
  6174 | D:7      | Slain by an orc warrior

Levels and vault maps discovered:
D:1:      matt_arrival_los_fun, layout_rooms
D:2:      layout_basic, minmay_pentomino_q4
D:3:      layout_basic, lemuel_crystal_altar, kennysheep_flooded_box
D:4:      layout_loops_ring, gammafunk_ghost_necromancy, first_ration
D:5:      layout_basic, serial_shops, shop, uniq_pikel
D:6:      layout_loops_ring, grunt_decor_one_mirror, dk_rats_in_the_wall,
          uniq_edmund, uniq_eustachio, uniq_prince_ribbit1
D:7:      layout_basic, tso_altar, temple_doors_e, gammafunk_ghost_split,
          uniq_menkaure
D:8:      layout_loops_ring, lemuel_coloured_pillars_altar,
          hangedman_pestilent_swarm

Skill      XL: |  1  2  3  4  5  6  7  8  9 |
---------------+----------------------------+-----
Dodging        | 1 2 3 4 |  4.3
Long Blades    | 2 3 4 5 6 |  6.4
Armour         | 2 3 4 |  4.7
Unarmed Combat | 1 2 3 4 |  4.2
Slings         | 1 2 3 4 5 |  5.9
Stealth        | 1 2 3 4 |  4.4
Invocations    | 3 4 5 6 |  6.5
Fighting       | 4 5 |  5.5

Action                   |  1- 3 |  4- 6 |  7- 9 | 10-12 || total
-------------------------+-------+-------+-------+-------++-------
Melee: Falchion          |    50 |   131 |   176 |    17 ||   374
       Punch             |       |     1 |     2 |     1 ||     4
       Unarmed           |       |       |     2 |       ||     2
 Fire: Hunting sling     |    52 |    59 |   162 |       ||   273
Invok: Depart the Abyss  |     1 |       |       |       ||     1
       Banish            |       |     2 |       |     2 ||     4
 Abil: Evoke Berserk Rag |       |     3 |     8 |       ||    11
  Use: Scroll            |     5 |     9 |     7 |       ||    21
       Potion            |     2 |     4 |     6 |     2 ||    14
 Stab: Sleeping          |       |       |     1 |       ||     1
  Eat: Chunk             |     2 |     6 |     8 |     2 ||    18
       Ration            |       |     1 |     2 |       ||     3
Armor: Leather armour    |    18 |       |       |       ||    18
       Ring mail         |     3 |    94 |   192 |    30 ||   319
Dodge: Dodged            |    37 |   117 |   249 |    36 ||   439
       Rpst.: Falchion   |    12 |    29 |    69 |    10 ||   120

Table legend:
 A = Non-vault XP
 B = Vault XP
 C = Vault XP percentage of total XP
 D = Non-vault monster count
 E = Vault monster count
 F = Vault count percentage of total count
                 A         B        C        D         E       F
            +---------+---------+-------+---------+---------+-------
      Total |    3011 |    3684 |  55.0 |     141 |      40 |  22.1
            +---------+---------+-------+---------+---------+-------
        D:1 |      49 |       0 |   0.0 |      29 |       0 |   0.0
        D:2 |      43 |      26 |  37.7 |      21 |       4 |  16.0
        D:3 |     166 |       0 |   0.0 |      20 |       0 |   0.0
        D:4 |     326 |     374 |  53.4 |      14 |       4 |  22.2
        D:5 |     216 |     651 |  75.1 |      16 |       1 |   5.9
        D:6 |     300 |     728 |  70.8 |       8 |      24 |  75.0
        D:7 |    1900 |    1905 |  50.1 |      28 |       7 |  20.0
        D:8 |      11 |       0 |   0.0 |       5 |       0 |   0.0
            +---------+---------+-------+---------+---------+-------
